 Dungeon Crawl Stone Soup version 5.7-8-g3a8b389 (webtiles) character file.

9296 justtesting the Unseen (level 13, -6/129 HPs)
             Began as a Naga Transmuter on Sept 22, 2018.
             Was a High Priest of Dithmenos.
             Killed from afar by a steam dragon (23 damage)
             ... with a ball of steam
             ... on level 13 of the Dungeon on Sept 23, 2018.
             The game lasted 00:43:15 (11543 turns).

justtesting the Unseen (Naga Transmuter)           Turns: 11543, Time: 00:43:16

Health: -6/129     AC:  7 (0%)Str: 12   XL:     13   Next: 23%
Magic:  0/17       EV: 22    Int: 18    God:    Dithmenos [5*[152]]
Gold:   817        SH:  0    Dex: 18    Spells: 10/23 levels left

rFire    x . .     SeeInvis +     - Unarmed
rCold    + + +     Faith    .   (shield currently unavailable)
rNeg     . . .     Spirit   +   (armour currently unavailable)
rPois    +         Reflect  .   (helmet currently unavailable)
rElec    .                      (cloak currently unavailable)
rCorr    .                      (gloves currently unavailable)
MR       +....                  (no barding)
Stlth    ++++++++++             k - amulet of guardian spirit
Regen    0.4/turn               u - +6 ring of evasion
MPRegen  0.3/turn               S - +6 ring of evasion

@: ice-form, wreathed by umbra
A: see invisible, agile, spit poison 1, wild magic 1, tiny mouth 2, AC +4
a: Spit Poison, End Transformation, Shadow Step, Shadow Form, Renounce Religion


You were on level 13 of the Dungeon.
You worshipped Dithmenos.
Dithmenos was extremely pleased with you.
You were not hungry.
You were a creature of crystalline ice.
You visited 2 branches of the dungeon, and saw 14 of its levels.
You visited the bazaar 1 time.
You also visited: Ossuary.

You collected 997 gold pieces.
You spent 180 gold pieces at shops.

Inventory:

Hand Weapons
 d - a +0 dagger (melded)
 v - a +2 dagger of draining
Missiles
 a - 51 poisoned tomahawks
 q - 18 tomahawks (quivered)
 N - 193 javelins
 P - 10 frenzy darts
Armour
 l - a +0 pair of gloves (melded)
 n - a +0 cloak of magic resistance (melded)
 p - a +2 robe of fire resistance
 T - a +0 troll leather armour
 W - a +2 robe of cold resistance (melded)
 X - a +2 helmet of magic resistance (melded)
Jewellery
 h - a +5 ring of strength
 k - an amulet of guardian spirit (around neck)
 m - a +3 ring of slaying
 o - a +5 ring of dexterity
 u - a +6 ring of evasion (left front paw)
 G - an uncursed amulet of destruction
 O - a +5 ring of intelligence
 Q - a +5 ring of dexterity
 R - an uncursed ring of protection from magic
 S - a +6 ring of evasion (right front paw)
 U - an uncursed ring of ice
Wands
 x - a wand of confusion (9)
 E - a wand of flame (12)
 H - a wand of lightning (1)
Scrolls
 b - 3 scrolls of fear
 e - 3 scrolls of enchant armour
 i - 5 scrolls of fog
 y - 2 scrolls of blinking
 B - 4 scrolls of teleportation
 F - a scroll of enchant weapon
 I - a scroll of magic mapping
 J - 2 scrolls of amnesia
 Z - a scroll of silence
Potions
 c - 3 potions of cancellation
 f - 3 potions of flight
 g - a potion of augmentation
 j - 8 potions of heal wounds
 w - 2 potions of invisibility
 z - 3 potions of ambrosia
 A - 4 potions of haste
 C - a potion of magic
 K - 6 potions of lignification
 L - a potion of resistance
 V - a potion of berserk rage


   Skills:
 + Level 4.5 Fighting
 - Level 1.5 Dodging
 + Level 16.2 Stealth
 - Level 12.2 Unarmed Combat
 - Level 11.4 Transmutations
 + Level 3.9 Fire Magic
 - Level 5.0 Ice Magic
 + Level 3.6 Air Magic
 - Level 4.5 Invocations


You had 10 spell levels left.
You knew the following spells:

 Your Spells              Type           Power        Failure   Level  Hunger
a - Beastly Appendage     Tmut           50 (50)      1%          1    N/A
b - Spider Form           Tmut           52 (200)     1%          3    N/A
c - Ice Form              Ice/Tmut       38 (100)     12%         4    N/A
d - Alistair's Intoxicat  Tmut           52 (100)     10%         5    N/A

Your spell library contained the following spells:

 Spells                   Type           Power        Failure   Level  Hunger
 Magic Dart               Air            17 (25)      8%          1    N/A
 Conjure Flame            Fire/Air       17 (100)     21%         3    N/A
 Slow                     Hex            0 (100)      41%         2    N/A
 Summon Small Mammal      Summ           0 (25)       30%         1    N/A
 Bolt of Draining         Necr           0 (200)      100%        5    N/A
 Blink                    Tloc           N/A          41%         2    N/A
 Summon Ice Beast         Ice/Summ       11 (100)     69%         4    N/A
 Call Imp                 Summ           0 (100)      41%         2    N/A
 Dispel Undead            Necr           0 (100)      100%        5    N/A
 Sublimation of Blood     Necr           0 (200)      41%         2    N/A
 Agony                    Necr           0 (100)      100%        5    N/A
 Blade Hands              Tmut           52 (200)     10%         5    N/A
 Passwall                 Tmut/Erth      26 (200)     5%          2    N/A
 Ignite Poison            Fire/Tmut      35 (100)     4%          3    N/A
 Call Canine Familiar     Summ           0 (100)      63%         3    N/A
 Summon Butterflies       Summ           0 (100)      30%         1    N/A
 Lee's Rapid Deconstruct  Erth           0 (200)      100%        5    N/A
 Sandblast                Erth           0 (25)       30%         1    N/A
 Excruciating Wounds      Chrm/Necr      0 (200)      100%        5    N/A
 Petrify                  Tmut/Erth      26 (100)     30%         4    N/A
 Summon Hydra             Summ           0 (200)      100%        7    N/A
 Force Lance              Tloc/Erth      0 (100)      63%         3    N/A
 Summon Mana Viper        Hex/Summ       0 (100)      100%        5    N/A
 Irradiate                Tmut           52 (200)     10%         5    N/A

Dungeon Overview and Level Annotations

Branches:
Dungeon (13/15)            Bazaar (1/1)

Altars:
Cheibriados
Dithmenos
Elyvilon
Gozag
Jiyva
Kikubaaqudgha
Lugonu
Makhleb
Nemelex Xobeh
Okawaru
Qazlal
Ru
Sif Muna
Trog
Uskayaw
Vehumet
Wu Jian
Xom
Yredelemnul
Zin
The Shining One

Shops:
Bazaar =([[!

Annotations:
D:13 exclusion: meliai


Innate Abilities, Weirdness & Mutations

You cannot wear boots.
((Your serpentine skin is tough. (AC +4)))
You have supernaturally acute eyesight. (SInv)
((Armour fits poorly on your strangely shaped body.))
((Your system is resistant to poisons. (rPois)))
((You cover ground very slowly.))
You can spit poison.
((You can use your snake-like lower body to constrict enemies.))
You are agile. (Dex +5)
Your spells are a little harder to cast, but a little more powerful.
((You are less able to defend yourself (AC -3, EV -3, SH - 3).))
Potions take you longer to quaff.


Message History

* * * LOW HITPOINT WARNING * * *
Unknown command.
You barely miss the tengu warrior.
The tengu warrior is almost dead.
You hit the tengu warrior but do no damage.
The tengu warrior is almost dead.
Your shadow misses the tengu warrior.
The tengu warrior hits you with a +0 battleaxe (11)!
* * * LOW HITPOINT WARNING * * *
The tengu warrior completely misses you.
The tengu warrior closely misses you.
You punch the tengu warrior (16)! You freeze the tengu warrior (4).
You kill the tengu warrior!
Dithmenos accepts your kill.
Unknown command.
Things that are here:
a +0 battleaxe; a +3 glaive The steam dragon breathes steam at you.
The ball of steam hits you! The steam scalds you terribly!
That hurt (25)!
You die...

######## #......#
########## #......#
#........# ###......#
####...)....#
#.'......#
#...........#
#.#.>....#
#.>..##.....Y..#
#.#......# .9##
#......D.###.#ยงยง{...#
#........##..#..{{>.#
#........)..##..D...#
#........#####...?..#
#........# #...y..#
#####.#### ###..###
##.# .## #..# ..


You could see a steam dragon.

Vanquished Creatures
  Fannar (D:10)
  3 centaur warriors
  A hydra (D:13)
  4 two-headed ogres
  2 tengu warriors (D:13)
  2 unseen horrors
  Pikel (D:8)
  A deep elf mage (D:11)
  An oklob plant (D:12)
  An ugly thing (D:11)
  A manticore (D:11)
  3 spiny frogs
  A torpor snail (D:12)
  A meliai (D:13)
  7 trolls
  4 slime creatures (D:12)
  Prince Ribbit (D:8)
  6 spriggans (D:8)
  9 yaks
  Sigmund (D:3)
  4 wyverns
  Grum (D:9)
  2 steam dragons
  Menkaure (D:6)
  5 water moccasins
  2 acid dragons
  Purgy (D:3)
  2 ice beasts
  3 slaves (D:8)
  4 orc warriors
  2 black bears
  4 wasps
  A blink frog zombie (D:8)
  A phantom (D:7)
  2 wolves (D:9)
  5 ogres
  A blink frog skeleton (D:10)
  19 centaurs
  Blork the orc (D:4)
  A rime drake skeleton (D:11)
  A bullfrog (D:6)
  2 elf zombies (Ossuary)
  A gnoll sergeant (D:6)
  A wyvern skeleton (D:10)
  5 scorpions
  2 water moccasin skeletons
  4 crimson imps
  An oklob sapling (D:12)
  12 killer bees
  2 howler monkeys
  3 wights (D:10)
  6 centaur zombies
  A bullfrog zombie (D:6)
  2 jellies
  A quasit (D:4)
  2 wasp zombies
  Crazy Yiuf (D:3)
  2 hounds
  A human zombie (Ossuary)
  7 orc priests
  8 orc wizards
  2 bullfrog skeletons
  2 centaur skeletons
  5 worker ants
  6 iguanas
  3 ogre zombies (Ossuary)
  2 hound skeletons (D:5)
  7 mummies (Ossuary)
  3 gnolls (D:6)
  5 adders
  A shadow imp (D:5)
  5 adder zombies (Ossuary)
  3 dart slugs
  39 orcs
  9 quokkas
  11 bats
  4 giant cockroaches
  2 gnoll zombies (Ossuary)
  4 goblins
  6 hobgoblins
  25 jackals
  4 kobolds
  9 ball pythons
  6 frilled lizards
  5 goblin zombies (Ossuary)
  4 hobgoblin zombies (Ossuary)
  A jackal skeleton (D:4)
  A kobold zombie (Ossuary)
  A quokka skeleton (D:4)
  2 quokka zombies (Ossuary)
  4 rats
  3 rat zombies (Ossuary)
  2 plants (D:12)
364 creatures vanquished.

Notes
Turn   | Place    | Note
-------+----------+-------------------------------------------
     0 | D:1      | justtesting the Naga Transmuter began the quest for the Orb.
     0 | D:1      | Reached XP level 1. HP: 18/18 MP: 2/2
   404 | D:1      | Reached XP level 2. HP: 3/25 MP: 2/2
  1258 | D:1      | Reached XP level 3. HP: 24/31 MP: 4/4
  1260 | D:1      | Learned a level 3 spell: Spider Form
  1403 | D:1      | Gained mutation: Potions take you a little longer to quaff. [mutagenic hatch]
  1466 | D:2      | Reached skill level 1 in Stealth
  1529 | D:2      | Found a sacrificial altar of Ru.
  1657 | D:2      | Found a white marble altar of Elyvilon.
  1940 | D:2      | Found a corrupted altar of Lugonu.
  2051 | D:3      | Reached skill level 2 in Stealth
  2051 | D:3      | Reached XP level 4. HP: 38/38 MP: 3/3
  2088 | D:3      | Found a burning altar of Makhleb.
  2096 | D:3      | Reached skill level 3 in Stealth
  2096 | D:3      | Reached skill level 5 in Transmutations
  2096 | D:3      | Reached XP level 5. HP: 44/44 MP: 4/4
  2210 | D:3      | Found a runed door.
  2214 | D:3      | Noticed Crazy Yiuf
  2221 | D:3      | Killed Crazy Yiuf
  2304 | D:3      | Found an opulent altar of Gozag.
  2339 | D:3      | Noticed Purgy
  2348 | D:3      | Killed Purgy
  2348 | D:3      | Reached skill level 4 in Stealth
  2348 | D:3      | Reached skill level 1 in Ice Magic
  2348 | D:3      | Reached XP level 6. HP: 35/51 MP: 7/7
  2484 | D:3      | Found a radiant altar of Vehumet.
  2507 | D:3      | Found a bloodstained altar of Trog.
  2606 | D:3      | Noticed Sigmund
  2614 | D:3      | Killed Sigmund
  2614 | D:3      | Reached skill level 5 in Stealth
  2614 | D:3      | Gained mutation: You can use your snake-like lower body to constrict enemies. [Naga growth]
  2614 | D:3      | Reached XP level 7. HP: 46/57 MP: 6/8
  2653 | D:3      | Reached skill level 6 in Stealth
  2809 | D:3      | Gained mutation: You are less able to defend yourself (AC -3, EV -3, SH - 3). [mutagenic hatch]
  2813 | D:4      | Found an iron altar of Okawaru.
  2865 | D:4      | Found a deep blue altar of Sif Muna.
  2912 | D:4      | Found a shadowy altar of Dithmenos.
  2920 | D:4      | Became a worshipper of Dithmenos the Shadowed
  3007 | D:4      | Found a hide-covered altar of Uskayaw.
  3162 | D:4      | Found a sparkling altar of Nemelex Xobeh.
  3169 | D:4      | Found a glowing golden altar of the Shining One.
  3243 | D:4      | Noticed Blork the orc
  3251 | D:4      | Killed Blork the orc
  3251 | D:4      | Reached skill level 7 in Stealth
  3294 | D:4      | Reached XP level 8. HP: 36/64 MP: 8/10
  3296 | D:4      | Learned a level 4 spell: Ice Form
  3343 | D:4      | Found an ancient bone altar of Kikubaaqudgha.
  3673 | D:4      | Gained mutation: You are agile. (Dex +5) [mutagenic hatch]
  3673 | D:5      | Entered Level 5 of the Dungeon
  3754 | D:5      | Found a stormy altar of Qazlal.
  3837 | D:5      | Found a shimmering altar of Xom.
  3858 | D:5      | Reached * piety under Dithmenos
  3858 | D:5      | Reached skill level 8 in Stealth
  3927 | D:5      | Found an ornate altar of the Wu Jian Council.
  3993 | D:5      | Found a white marble altar of Elyvilon.
  4068 | D:5      | Reached skill level 9 in Stealth
  4094 | D:5      | Reached skill level 5 in Ice Magic
  4284 | D:5      | Found a glowing silver altar of Zin.
  4327 | D:5      | Found a snail-covered altar of Cheibriados.
  4487 | D:6      | Reached skill level 10 in Stealth
  4487 | D:6      | Reached XP level 9. HP: 53/70 MP: 7/9
  4525 | D:6      | Reached skill level 5 in Unarmed Combat
  4561 | D:6      | Found a sand-covered staircase.
  4569 | Ossuary  | Entered an ossuary
  4662 | Ossuary  | Reached ** piety under Dithmenos
  5054 | D:6      | Reached skill level 11 in Stealth
  5209 | D:6      | Reached *** piety under Dithmenos
  5281 | D:6      | Found a basalt altar of Yredelemnul.
  5489 | D:6      | Noticed Menkaure
  5493 | D:6      | Killed Menkaure
  5571 | D:7      | Reached XP level 10. HP: 78/78 MP: 11/11
  5873 | D:7      | Found a viscous altar of Jiyva.
  5979 | D:7      | Reached skill level 12 in Stealth
  6466 | D:8      | Noticed Prince Ribbit
  6472 | D:8      | Killed Prince Ribbit
  6674 | D:8      | Noticed a centaur warrior
  6682 | D:8      | Killed a centaur warrior
  6703 | D:8      | Reached **** piety under Dithmenos
  6726 | D:8      | Reached XP level 11. HP: 84/84 MP: 13/13
  6747 | D:8      | Reached skill level 13 in Stealth
  6787 | D:8      | Learned a level 5 spell: Alistair's Intoxication
  6983 | D:8      | Reached skill level 10 in Transmutations
  7011 | D:8      | Noticed Pikel
  7026 | D:8      | Killed Pikel
  7026 | D:8      | Reached skill level 10 in Unarmed Combat
  7265 | D:8      | Noticed a two-headed ogre
  7288 | D:8      | Killed a two-headed ogre
  8091 | D:9      | Noticed Grum
  8263 | D:9      | Reached skill level 14 in Stealth
  8289 | D:9      | Killed Grum
  8508 | D:10     | Entered Level 10 of the Dungeon
  8742 | D:10     | Reached skill level 1 in Invocations
  8817 | D:10     | Reached ***** piety under Dithmenos
  9029 | D:10     | Noticed a two-headed ogre
  9037 | D:10     | Killed a two-headed ogre
  9037 | D:10     | Reached XP level 12. HP: 80/91 MP: 12/17
  9151 | D:10     | Noticed Fannar
  9185 | D:10     | Killed Fannar
  9572 | D:11     | Found a gateway to a bazaar.
  9759 | D:11     | Noticed a two-headed ogre
  9769 | D:11     | Killed a two-headed ogre
  9945 | D:11     | Noticed a two-headed ogre
  9950 | D:11     | Killed a two-headed ogre
  9999 | D:11     | Reached skill level 15 in Stealth
 10359 | Bazaar   | Entered a bazaar
 10367 | Bazaar   | Found Jixenlee's Armour Emporium.
 10371 | Bazaar   | Found Uqon's Jewellery Shoppe.
 10372 | Bazaar   | Found Ymocu's Antique Armour Shoppe.
 10409 | Bazaar   | Found Peitz's Weapon Emporium.
 10409 | Bazaar   | Found Guihacvy's Distillery.
 10429 | Bazaar   | Bought a potion of heal wounds for 90 gold pieces
 10429 | Bazaar   | Bought a potion of heal wounds for 90 gold pieces
 10527 | D:11     | Gained mutation: Potions take you longer to quaff. [mutagenic hatch]
 10971 | D:12     | Reached skill level 1 in Fire Magic
 10994 | D:12     | Reached skill level 1 in Air Magic
 11233 | D:12     | Got the Tome of Nature
 11250 | D:12     | Gained mutation: Your spells are a little harder to cast, but a little more powerful. [mutagenic hatch]
 11295 | D:13     | Noticed a centaur warrior
 11305 | D:13     | Killed a centaur warrior
 11306 | D:13     | Reached XP level 13. HP: 104/104 MP: 15/17
 11351 | D:13     | Reached skill level 16 in Stealth
 11536 | D:13     | HP: 6/129 [tengu warrior/+0 battleaxe[a tengu warrior] (2)]
 11543 | D:13     | Killed from afar by a steam dragon

Skill      XL: |  1  2  3  4  5  6  7  8  9 10 11 12 13 |
---------------+----------------------------------------+-----
Transmutations | 4 5 6 7 8 9 10 11 | 11.4
Stealth        | 2 3 4 5 7 10 11 12 14 15 16 | 16.2
Ice Magic      | 1 2 4 5 |  5.0
Unarmed Combat | 4 6 9 11 12 | 12.2
Invocations    | 2 4 |  4.5
Fighting       | 3 4 |  4.5
Fire Magic     | 2 3 |  3.9
Air Magic      | 2 3 |  3.6
Dodging        | |  1.5

Action                   |  1- 3 |  4- 6 |  7- 9 | 10-12 | 13-15 || total
-------------------------+-------+-------+-------+-------+-------++-------
Melee: Dagger            |    56 |       |       |       |       ||    56
       Unarmed           |    41 |    53 |   306 |   429 |    33 ||   862
       Headbutt          |     7 |       |       |       |       ||     7
 Cast: Beastly Appendage |     1 |       |       |       |       ||     1
       Spider Form       |     1 |       |       |       |       ||     1
       Ice Form          |       |       |     1 |     1 |       ||     2
       Alistair's Intoxi |       |       |       |     1 |       ||     1
 Abil: Spit Poison       |     7 |       |       |       |       ||     7
       End Transformatio |       |       |       |     1 |       ||     1
  Use: Scroll            |       |       |     1 |     1 |       ||     2
       Potion            |       |       |       |       |     1 ||     1
 Stab: Sleeping          |     2 |     6 |    53 |    68 |     2 ||   131
       Confused          |       |       |       |     1 |       ||     1
Armor: Robe              |    19 |       |       |       |       ||    19
       Skin              |     5 |     2 |    39 |    36 |     8 ||    90
Dodge: Dodged            |    94 |    39 |   180 |   327 |    37 ||   677
